 Dungeon Crawl Stone Soup version 0.31-a0-1591-g515db51633 (webtiles) character file.

Game seed: 16639638451591419814

38120 CougarLife the Severer (level 13, -1/118 HPs)
             Began as a Minotaur Fighter on Jan 7, 2024.
             Was a High Priest of Okawaru.
             Slain by a komodo dragon (20 damage)
             ... on level 4 of the Lair of Beasts.
             The game lasted 00:35:28 (15273 turns).

CougarLife the Severer (Minotaur Fighter)          Turns: 15273, Time: 00:35:29

Health: -1/118     AC: 15    Str: 26    XL:     13   Next: 62%
Magic:  17/19      EV: 17    Int:  5    God:    Okawaru [*****.]
Gold:   862        SH:  7    Dex: 10    Spells: 12/12 levels left

rFire   . . .        v - +2 broad axe (flame)
rCold   . . .        c - +0 buckler
rNeg    . . .        m - +3 scale mail {Will+}
rPois   .            (helmet restricted)
rElec   .            g - +0 cloak
rCorr   .            i - +0 pair of gloves
SInv    .            (no boots)
Will    +....        a - amulet of the acrobat
Stlth   +            n - +5 ring of evasion
HPRegen 0.39/turn    (no ring)
MPRegen 0.16/turn

%: acrobat
@: lethally poisoned (-1 -> -22), heroic
A: horns 2, retaliatory headbutt
a: Renounce Religion, Heroism, Finesse, Duel


You were on level 4 of the Lair of Beasts.
You worshipped Okawaru.
Okawaru was extremely pleased with you.
You visited 3 branches of the dungeon, and saw 17 of its levels.
You also visited: Ossuary.

You collected 974 gold pieces.
You spent 112 gold pieces at shops.

Inventory:

Hand Weapons
 v - a +2 broad axe of flaming (weapon)
Missiles
 y - 10 javelins
 z - 8 boomerangs (quivered)
 E - 20 poisoned darts
 R - 3 curare-tipped darts
Armour
 c - a +0 buckler (worn)
 g - a +0 cloak (worn)
 i - a +0 pair of gloves (worn)
 m - a +3 scale mail of willpower (worn)
 H - +0 swamp dragon scales
Jewellery
 a - an amulet of the acrobat (around neck)
 d - a ring of ice
 n - a +5 ring of evasion (left hand)
 K - a ring of fire
 S - a ring of see invisible
Wands
 k - a wand of light (9)
 D - a wand of polymorph (5)
 J - a wand of mindburst (12)
 L - a wand of iceblast (8)
 Q - a wand of flame (11)
Scrolls
 b - 4 scrolls of blinking
 f - a scroll of teleportation
 h - 2 scrolls of enchant weapon
 j - 5 scrolls of noise
 q - 3 scrolls of fear
 r - 6 scrolls of revelation
 s - a scroll of poison
 t - a scroll of brand weapon
 A - 3 scrolls of enchant armour
 F - 2 scrolls of fog
 M - a scroll of immolation {unknown}
 N - 2 scrolls of vulnerability {unknown}
 O - a scroll of butterflies {unknown}
 P - a scroll of acquirement {unknown}
Potions
 e - 2 potions of heal wounds {unknown}
 l - a potion of enlightenment
 o - 2 potions of invisibility {unknown}
 p - 6 potions of lignification {unknown}
 u - 11 potions of curing {unknown}
 w - 8 potions of mutation {unknown}
 x - 2 potions of degeneration {unknown}
 B - a potion of berserk rage {unknown}
 C - 2 potions of magic
 G - 3 potions of attraction
 I - a potion of ambrosia {unknown}
 T - a potion of brilliance {unknown}


   Skills:
 - Level 12.3(17.3) Fighting
 - Level 18.0(23.0) Axes
 - Level 8.0(13.0) Throwing
 - Level 8.2(13.2) Armour
 + Level 2.2(7.2) Dodging
 - Level 8.3(13.3) Shields
 - Level 10.0 Invocations


You had 12 spell levels left.
You didn't know any spells.
Your spell library contained the following spells:

 Spells                   Type           Power      Damage    Failure   Level
 Cigotuvi's Dreadful Rot  Necr/Alch/Air  0%         N/A       86%         2
 Static Discharge         Conj/Air       0%         3-3/arc   86%         2
 Hailstorm                Conj/Ice       0%         3d5       97%         3
 Sigil of Binding         Hex            0%         N/A       97%         3
 Airstrike                Air            0%         2d(0-16)  100%        4
 Dimensional Bullseye     Hex/Tloc       0%         N/A       100%        4
 Dispel Undead            Necr           0%         3d6       100%        4
 Passage of Golubria      Tloc           0%         N/A       100%        4
 Yara's Violent Unravell  Hex/Alch       0%         3d3       100%        5
 Call Canine Familiar     Summ           Unusable   N/A       N/A         3
 Summon Ice Beast         Ice/Summ       Unusable   N/A       N/A         3
 Tukima's Dance           Hex            Unusable   N/A       N/A         3
 Martyr's Knell           Necr/Summ      Unusable   N/A       N/A         4
 Summon Lightning Spire   Summ/Air       Unusable   N/A       N/A         4
 Death Channel            Necr           Unusable   N/A       N/A         6
 Sculpt Simulacrum        Ice/Alch       Unusable   N/A       N/A         6

Dungeon Overview and Level Annotations

Branches:
Dungeon (11/15)            Temple (1/1) D:7            Lair (5/5) D:11
 Shoals (0/4) Lair:3       Spider (0/4) Lair:3        Slime (0/5) Lair:5
    Orc (0/2) D:10        Ossuary (visited)

Altars:
Ashenzari
Cheibriados
Dithmenos
Elyvilon
Fedhas
Gozag
Hepliaklqana
Kikubaaqudgha
Makhleb
Nemelex Xobeh
Okawaru
Qazlal
Ru
Sif Muna
Trog
Uskayaw
Vehumet
Wu Jian
Xom
Yredelemnul
Zin
The Shining One

Shops:
D:7 ?   D:8 ?

Annotations:
Lair:5 Sonja


Innate Abilities, Weirdness & Mutations

You have a pair of horns on your head.
You reflexively headbutt those who attack you in melee.


Message History

You kill the black mamba!
Okawaru accepts your kill.
Your Dodging skill increases to level 2!
You climb downwards.
You feel an oppressive heat about you.
There is an entrance to a volcano on this level.
Hurry and find it before the entrance collapses!
Level annotation: Sonja The elephant trumpets!
The yak bellows!
The komodo dragon hisses angrily.
The cane toad gives a loud, deep croak!
You hear a trumpeting!
You hear a bleat!
You block the water moccasin's attack.
The blink frog blinks!
A yak comes into view.
The yak gores you. The yak misses you. The water moccasin bites you.
Being near the torpor snail leaves you feeling lethargic.
The yak gores the fungus.
The fungus begins to die.
You block the yak's attack.
A yak comes into view.
The yak misses you.
The blink frog hits the fungus!
The blink frog blinks!
The komodo dragon bites you!!
The yak bellows!
There is a stone staircase leading up, spattered with blood here.
The black mamba closely misses you. You furiously retaliate!
You headbutt the black mamba!
The blink frog blinks!
The water moccasin misses you. You furiously retaliate!
You headbutt the water moccasin! The black mamba bites you!
The blink frog hits the fungus!
The water moccasin barely misses you.
The yak gores the fungus.
The yak gores you but does no damage. x2
The komodo dragon bites you!
* * * LOW HITPOINT WARNING * * *
The black mamba barely misses you.
The blink frog blinks!
You climb upwards.
You feel yourself speed up.
There is a stone staircase leading down, spattered with blood here.
You gain the combat prowess of a mighty hero.
The black mamba bites you!
* * * LOW HITPOINT WARNING * * *
You are poisoned.
The black mamba poisons you! The yak closely misses you. The yak gores you.
* * * LOW HITPOINT WARNING * * *
The komodo dragon bites you!!
You die...

#.[.....##.....####
##.#...#........#.#
####.#..........##
###...........###
###...##....#...##
###....###.8.###...#
#P##..###.....###...
#.SY...##......##...
###@l8##...>..###8.>
##YS.###.)...###...
#.#..####....#.#...
###...###.8.###...#
#....##...#....##
##............#.#
###.............
##.......#...#
###....###...


You could see a komodo dragon, a black mamba, 2 yaks and a water moccasin.

Vanquished Creatures
  Josephine (Lair:3)
  Fannar (D:11)
  3 hydras
  Erica (Lair:1)
  A boulder beetle (Lair:3)
  A two-headed ogre (D:11)
  3 death yaks (D:11)
  Urug (Lair:1)
  Nergalle (Lair:2)
  A fire crab (Lair:4)
  Pikel (D:7)
  An ugly thing (D:11)
  A merfolk siren (Lair:3)
  Joseph (D:8)
  7 black mambas
  9 elephants
  8 cane toads
  A kobold demonologist (D:11)
  An orange demon (D:9)
  Maggie (D:7)
  An ice devil (D:9)
  2 rime drakes (Lair:3)
  8 komodo dragons
  3 polar bears
  2 red devils (D:9)
  3 trolls
  3 merfolk (Lair:3)
  2 hornets
  8 blink frogs
  A shadow (D:8)
  A culicivora (Lair:3)
  5 wraiths
  A steam dragon (D:9)
  34 yaks
  A redback (Lair:3)
  4 basilisks (Lair:1)
  4 wyverns
  A chaos spawn (D:9)
  2 acid dragons
  9 water moccasins
  4 orc warriors
  2 black bears
  3 sky beasts
  An ice beast (D:6)
  4 wolves
  An ogre (D:5)
  2 lemures (D:7)
  6 bullfrogs
  2 elf zombies (Ossuary)
  4 kobold brigands
  A scorpion (D:6)
  12 wights
  4 killer bees (D:8)
  4 howler monkeys
  2 bombardier beetles
  2 quasits (D:9)
  3 hounds
  A jelly (D:4)
  7 orc priests
  5 human zombies (Ossuary)
  Terence (D:2)
  2 iguanas (D:5)
  6 orc wizards
  2 sleepcaps
  A hell rat (D:11)
  2 crocodile zombies (Ossuary)
  7 spectral hounds (Ossuary)
  4 mummies (Ossuary)
  5 gnolls
  11 adders
  2 river rats (D:11)
  2 hound simulacra (Ossuary)
  3 white imps
  4 ufetubi
  A spectral adder (Ossuary)
  A spectral gnoll (Ossuary)
  A ribbon worm (D:2)
  3 dart slugs
  41 orcs
  8 endoplasms
  4 giant cockroaches
  6 gnoll zombies (Ossuary)
  10 hobgoblins
  4 jackals (D:2)
  6 quokkas
  6 ball pythons
  7 bats
  4 frilled lizards
  3 gnoll simulacra (Ossuary)
  6 goblins
  5 jackal simulacra (Ossuary)
  24 kobolds
  3 kobold zombies (Ossuary)
  7 orc zombies (Ossuary)
  6 rats
  A spectral hobgoblin (D:3)
  A spectral jackal (Ossuary)
420 creatures vanquished.

Notes
Turn   | Place    | Note
-------+----------+-------------------------------------------
     0 | D:1      | CougarLife the Minotaur Fighter began the quest for the
                  | Orb.
     0 | D:1      | Reached XP level 1. HP: 19/19 MP: 0/0
    97 | D:1      | Reached XP level 2. HP: 26/26 MP: 1/1
   202 | D:1      | Reached skill level 3 in Axes
   202 | D:1      | Reached XP level 3. HP: 33/33 MP: 2/2
   937 | D:2      | Reached skill level 4 in Axes
   937 | D:2      | Reached XP level 4. HP: 41/41 MP: 3/3
  1089 | D:2      | Identified the +4 hand axe of Etufaqecs {drain, *Rage rF+
                  | rC+}
  1149 | D:2      | Noticed Terence
  1157 | D:2      | Killed Terence
  1337 | D:2      | Reached XP level 5. HP: 46/47 MP: 4/4
  1434 | D:2      | Reached skill level 5 in Axes
  1793 | D:3      | Found an ornate altar of the Wu Jian Council.
  1901 | D:3      | Found a faded altar of an unknown god.
  1966 | D:3      | Found a broken altar of Ashenzari.
  2533 | D:4      | Reached skill level 5 in Fighting
  2644 | D:4      | Noticed a black bear
  2649 | D:4      | Killed a black bear
  2650 | D:4      | Reached skill level 6 in Axes
  2650 | D:4      | Reached XP level 6. HP: 56/56 MP: 5/5
  3235 | D:4      | Found a shimmering altar of Xom.
  3355 | D:5      | Entered Level 5 of the Dungeon
  3388 | D:5      | Reached skill level 7 in Axes
  3425 | D:5      | Reached XP level 7. HP: 52/63 MP: 6/6
  3645 | D:5      | Found a hide-covered altar of Uskayaw.
  3816 | D:5      | Reached skill level 8 in Axes
  3949 | D:6      | Found a sand-covered staircase.
  3967 | Ossuary  | Entered an ossuary
  4204 | Ossuary  | Reached skill level 9 in Axes
  4276 | Ossuary  | Reached XP level 8. HP: 62/73 MP: 7/7
  4499 | Ossuary  | Reached skill level 10 in Axes
  4992 | D:6      | Reached skill level 5 in Armour
  4992 | D:6      | Reached skill level 5 in Shields
  5278 | D:6      | Reached XP level 9. HP: 81/81 MP: 8/8
  5785 | D:7      | Found Omogior's Magic Scroll Emporium.
  5802 | D:7      | Bought a scroll of identify for 28 gold pieces
  5802 | D:7      | Bought a scroll of identify for 28 gold pieces
  5802 | D:7      | Bought a scroll of identify for 28 gold pieces
  5878 | D:7      | Noticed Pikel
  5887 | D:7      | Killed Pikel
  5889 | D:7      | Found a staircase to the Ecumenical Temple.
  5900 | Temple   | Entered the Ecumenical Temple
  6055 | D:7      | Noticed Maggie
  6064 | D:7      | Killed Maggie
  6399 | D:8      | Reached XP level 10. HP: 86/88 MP: 9/9
  6594 | D:8      | Found a white marble altar of Elyvilon.
  6624 | D:8      | Noticed Joseph
  6647 | D:8      | Killed Joseph
  6648 | D:8      | Reached skill level 11 in Axes
  6648 | D:8      | Reached skill level 5 in Throwing
  6817 | D:8      | Found Gabeoggyerph's Magic Scroll Emporium.
  6823 | D:8      | Bought a scroll of identify for 28 gold pieces
  7258 | D:9      | Found a basalt altar of Yredelemnul.
  7305 | D:9      | Found a sacrificial altar of Ru.
  7583 | D:9      | Noticed an orange demon
  7597 | D:9      | Killed an orange demon
  7870 | D:9      | Reached skill level 12 in Axes
  7922 | D:9      | Found an iron altar of Okawaru.
  7925 | D:9      | Became a worshipper of Warmaster Okawaru
  8261 | D:10     | Entered Level 10 of the Dungeon
  8302 | D:10     | Reached XP level 11. HP: 93/95 MP: 10/10
  8656 | D:10     | Found a staircase to the Orcish Mines.
  9008 | D:10     | Reached * piety under Okawaru
  9009 | D:10     | Reached skill level 1 in Invocations
  9196 | D:11     | Noticed a death yak
  9221 | D:11     | Killed a death yak
  9221 | D:11     | Noticed a death yak
  9222 | D:11     | Reached skill level 13 in Axes
  9222 | D:11     | Noticed a death yak
  9239 | D:11     | Killed a death yak
  9244 | D:11     | Killed a death yak
  9313 | D:11     | Reached ** piety under Okawaru
  9375 | D:11     | Found a staircase to the Lair.
  9397 | D:11     | Noticed Fannar
  9398 | D:11     | Noticed a brown ugly thing
  9423 | D:11     | Killed a brown ugly thing
  9424 | D:11     | Reached skill level 5 in Invocations
  9439 | D:11     | Killed Fannar
  9728 | D:11     | Noticed a two-headed ogre
  9738 | D:11     | Killed a two-headed ogre
  9883 | D:11     | Reached *** piety under Okawaru
 10185 | Lair:1   | Entered Level 1 of the Lair of Beasts
 10186 | Lair:1   | Noticed Urug
 10193 | Lair:1   | Killed Urug
 10194 | Lair:1   | Reached skill level 14 in Axes
 10580 | Lair:1   | Reached XP level 12. HP: 82/104 MP: 16/16
 10650 | Lair:1   | Noticed Erica
 10661 | Lair:1   | Killed Erica
 10661 | Lair:1   | Reached **** piety under Okawaru
 11723 | Lair:2   | Noticed Nergalle
 11737 | Lair:2   | Killed Nergalle
 11803 | Lair:2   | Reached skill level 15 in Axes
 12078 | Lair:2   | Found the +8 demon blade "Leech" {evervamp, Harm ^Drain
                  | rN+}
 12158 | Lair:2   | Reached skill level 10 in Invocations
 12682 | Lair:2   | Reached ***** piety under Okawaru
 12870 | Lair:3   | Received a gift from Okawaru
 12878 | Lair:3   | Reached skill level 16 in Axes
 12889 | Lair:3   | Reached skill level 10 in Fighting
 13033 | Lair:3   | Noticed a boulder beetle
 13041 | Lair:3   | Killed a boulder beetle
 13097 | Lair:3   | Reached XP level 13. HP: 77/114 MP: 19/19
 13371 | Lair:3   | Found a white marble altar of Elyvilon.
 13375 | Lair:3   | Noticed Josephine
 13381 | Lair:3   | Killed Josephine
 13388 | Lair:3   | Reached skill level 17 in Axes
 13648 | Lair:3   | Found a hole to the Spider Nest.
 13719 | Lair:3   | Found a staircase to the Shoals.
 13732 | Lair:3   | Received a gift from Okawaru
 14887 | Lair:4   | Reached skill level 18 in Axes
 14992 | Lair:5   | Entered Level 5 of the Lair of Beasts
 14996 | Lair:5   | Received a gift from Okawaru
 14999 | Lair:5   | Noticed Sonja
 15018 | Lair:4   | Reached skill level 1 in Dodging
 15273 | Lair:4   | Slain by a komodo dragon

Illustrated notes

Levels and vault maps discovered:
D:1:      amcnicky_arrival_blooded_trapdoor, layout_basic, minmay_misc_feat_tiny
D:2:      layout_basic, uniq_terence
D:3:      layout_loops_cross, lemuel_doored_altar, nicolae_ashenzari_skybound,
          serial_aquarium, aquarium_bridge_long_separate
          [aquarium_subvault_wall, aquarium_subvault_bridge,
          aquarium_subvault_bridge, aquarium_subvault_wall,
          aquarium_subvault_bridge, aquarium_subvault_wall],
          aquarium_bridge_square [aquarium_subvault_bridge,
          aquarium_subvault_bridge, aquarium_subvault_window,
          aquarium_subvault_bridge], aquarium_window_fake, aquarium_window_fake,
          aquarium_window_1, aquarium_view_2b, aquarium_view_2c,
          aquarium_pool_four, dreamdust_ecumenical_altar_drowned_temple,
          dk_noncrumbling_4
D:4:      layout_basic, regret_index_xom_buried_treasure, serial_corexii_hall,
          chequers_hall_statues_y, chequers_hall_statues_wall_a
D:5:      layout_gridville, eat_drink_and_be_merry_uskayaw
D:6:      layout_gridville, nicolae_ossuary_entry_monument
D:7:      layout_rooms, minmay_temple_entry_nine_rooms, serial_shops, shop,
          solitary_fountain, uniq_pikel, uniq_maggie
D:8:      layout_basic, mainiacjoe_overflow_alcove_2, serial_shops,
          kennysheep_little_box, uniq_joseph
D:9:      layout_basic, okawaru_trees_2, mainiacjoe_overflow_six_doors_small,
          mainiacjoe_overflow_brackets, serial_demonic, serial_demonic_f,
          serial_demonic_b, serial_demonic_g, serial_demonic_e
D:10:     layout_roguey, orc_david_3
D:11:     layout_loops_cross, dpeg_lair_monsters, uniq_fannar
Temple:   nicolae_temple_ecumenical_triangle
Lair:1:   layout_misc_corridors, uniq_erica, uniq_urug
Lair:2:   layout_gridlike, dreamdust_deal_with_the_devil, uniq_nergalle
Lair:3:   layout_cave_shapes, elwin_shoals_entry_stream,
          spider_nest_entry_funnel_web, basic_altar, nzn_sisyphean_effort,
          uniq_josephine
Lair:4:   layout_misc_corridors, lemuel_old_faithful, grunt_megastairs_5
Lair:5:   hangedman_lair_caniforms_friends, layout_small_grid,
          guppyfry_lair_end_dragon, slime_entry_1,
          nicolae_volcano_entry_hallway, serial_bayou_lake_a, uniq_snorg,
          uniq_sonja

Skill      XL: |  1  2  3  4  5  6  7  8  9 10 11 12 13 |
---------------+----------------------------------------+-----
Armour         | 4 6 8 |  8.2
Shields        | 4 6 8 |  8.3
Axes           | 3 4 6 7 9 10 12 14 16 18 | 18.0
Fighting       | 4 5 6 7 8 9 10 12 | 12.3
Throwing       | 4 8 |  8.0
Invocations    | 7 10 | 10.0
Dodging        | 2 |  2.2

Action                     |  1- 3 |  4- 6 |  7- 9 | 10-12 | 13-15 || total
---------------------------+-------+-------+-------+-------+-------++-------
  Melee: War axe           |    77 |   138 |   278 |       |       ||   493
         Headbutt          |     6 |    12 |    62 |    96 |    29 ||   205
         Broad axe         |       |       |    34 |   460 |   145 ||   639
  Throw: Boomerang         |       |       |     7 |    46 |     4 ||    57
         Dart              |       |       |     2 |    69 |    47 ||   118
         Javelin           |       |       |     1 |     6 |       ||     7
 Invoke: Heroism           |       |       |       |     6 |     3 ||     9
    Use: Scroll            |       |       |     7 |     7 |     1 ||    15
         Potion            |       |       |     1 |     1 |       ||     2
 Armour: Scale mail        |    54 |    91 |   144 |   258 |    95 ||   642
  Dodge: Dodged            |    38 |    92 |   186 |   262 |   125 ||   703
  Block: Buckler           |    11 |    33 |    63 |    85 |    40 ||   232

Table legend: (Time is in decaauts)
 A = Elapsed time spent in this place.
 B = Non-inter-level travel time spent in this place.
 C = Inter-level travel time spent in this place.
 D = Time resting spent in this place.
 E = Time spent auto-exploring this place.
 F = Levels seen in this place.
 G = Mean time per level.
                   A        B        C        D        E       F      G
               +--------+--------+--------+--------+--------+-----+--------+
         Total |  15277 |  14850 |    427 |   2517 |   8722 |  18 |  848.7 |
       Dungeon |  10008 |   9779 |    229 |   1040 |   6767 |  11 |  909.8 |
        Temple |     12 |      8 |      4 |      0 |      0 |   1 |   12.0 |
          Lair |   4620 |   4426 |    194 |   1304 |   1954 |   5 |  924.0 |
       Ossuary |    636 |    636 |      0 |    172 |      0 |   1 |  636.0 |
               +--------+--------+--------+--------+--------+-----+--------+

Top non-repeatable levels by time:
  Lair:3: 1542 daAuts
    D:11: 1384 daAuts
     D:9: 1252 daAuts
  Lair:2: 1146 daAuts
     D:6: 1056 daAuts
  Lair:1: 1047 daAuts
    D:10: 912 daAuts
     D:3: 877 daAuts
     D:4: 875 daAuts
     D:1: 864 daAuts
  Lair:4: 861 daAuts
     D:8: 811 daAuts
     D:2: 804 daAuts
     D:7: 637 daAuts
 Ossuary: 636 daAuts
